 Dungeon Crawl Stone Soup version 0.19-a0-1608-g4cf22de (webtiles) character file.

11 jacquesderrida the Charmwright (level 2, -6/15 HPs)
             Began as a Vine Stalker Skald on Sept 17, 2016.
             Mangled by Terence
             ... wielding a +3 hand axe
              (7 damage)
             ... on level 2 of the Dungeon.
             The game lasted 00:00:36 (222 turns).

jacquesderrida the Charmwright (Vine Stalker Skald)  Turns: 222, Time: 00:00:37

Health: -6/15      AC:  3    Str: 14    XL:     2   Next: 29%
Magic:  0/6        EV: 11    Int: 12    God:
Gold:   70         SH:  0    Dex: 13    Spells: 1 memorised, 4 levels left

rFire  . . .     SeeInvis .     a - +0 falchion
rCold  . . .     Gourm    .     b - +0 leather armour
rNeg   . . .     Faith    .     (no shield)
rPois  .         Spirit   +     (no helmet)
rElec  .         Dismiss  .     (no cloak)
rCorr  .         Reflect  .     (no gloves)
MR     .....     Harm     .     (no boots)
Stlth  +.........               (no amulet)
                                (no ring)
                                (no ring)

@: no status effects
A: fangs 2, magic shield, antimagic bite, no device heal 3, rot immunity
a: no special abilities


You were on level 2 of the Dungeon.
You were not hungry.

You visited 1 branch of the dungeon, and saw 2 of its levels.

You collected 70 gold pieces.

Inventory:

Hand Weapons
 a - a +0 falchion (weapon)
Armour
 b - a +0 leather armour (worn)
Scrolls
 e - a scroll of identify {unknown}
Potions
 f - 2 potions of curing
Books
 c - a book of Battle

   Spells                             Type                      Level
   a - Infusion                       Charms                       1
   b - Shroud of Golubria             Charms/Translocation         2
   c - Song of Slaying                Charms                       2
   d - Spectral Weapon                Hexes/Charms                 3
   e - Regeneration                   Charms/Necromancy            3
Comestibles
 d - a bread ration


   Skills:
 - Level 1.7 Fighting
 + Level 2.6 Long Blades
 - Level 0.7 Armour
 - Level 0.7 Dodging
 - Level 2.1 Spellcasting
 - Level 3.0 Charms


You had 4 spell levels left.
You knew the following spells:

 Your Spells              Type           Power        Failure   Level  Hunger
a - Infusion              Chrm           #...         12%         1    ##.....


Dungeon Overview and Level Annotations

Branches:
Dungeon (2/15)

Altars:

Annotations:
D:2 Terence


Innate Abilities, Weirdness & Mutations

You have extremely sharp teeth.
When hurt, damage is shared between your health and your magic reserves.
Your bite disrupts and absorbs the magic of your enemies.
Potions and wands cannot restore your health.
You are immune to rotting.


Message History

Found a stone staircase leading down.
No target in view!
f - 3 silvery potions (gained 2)
You open the door.
Terence the Incautious comes into view.
He is wielding an enchanted hand axe.
Terence shouts!
Terence drinks a potion.
Terence goes berserk!
You close the door.
Terence opens the door.
Terence barely misses you.
There is a stone staircase leading down here.
It was a potion of curing.
That felt strangely inert.
Terence hits you with an enchanted hand axe!
* * * LOW HITPOINT WARNING * * *
Terence completely misses you.
You riposte.
You hit Terence but do no damage. You bite Terence. You drain his power.
You feel invigorated.
Terence is lightly wounded.
It was a potion of magic.
Magic courses through your body.
Terence hits you with an enchanted hand axe!
You die...

.........##...>..##.#####.
..............####.#
.....####..### #.# ...
#..######.# #'#
#.........# #.#
#.######### #.# #.#
##.######.# ##.....@@..#
#.....###### ##.#.##
.#######.###.## ........##
##)# ########.###.##
##.#.## ##.## #.#


You could see Terence (berserk).

Vanquished Creatures
  A dart slug (D:1)
  2 goblins (D:1)
  2 hobgoblins
  A jackal (D:1)
  A bat (D:2)
  A kobold (D:1)
  A rat (D:2)
9 creatures vanquished.

Notes
Turn   | Place    | Note
-------+----------+-------------------------------------------
     0 | D:1      | jacquesderrida the Vine Stalker Skald began the quest for the Orb.
     0 | D:1      | Reached XP level 1. HP: 11/11 MP: 4/4
    93 | D:1      | Reached XP level 2. HP: 3/15 MP: 4/6
   212 | D:2      | Noticed Terence
   222 | D:2      | Mangled by Terence

Vault maps used:
D:1:      lemuel_arrival_tunnels
D:2:      ecumenical_altar_1, uniq_terence, uniq_natasha

Skill      XL: |  1 |
---------------+----+-----
Long Blades    | 2 |  2.6
Fighting       | |  1.7
Armour         | |  0.7
Dodging        | |  0.7
Spellcasting   | |  2.1
Charms         | |  3.0

Action                   || total
-------------------------++-------
Melee: Falchion          ||    42
       Bite              ||    11
  Use: Potion            ||     2
Armor: Leather armour    ||     7
Dodge: Dodged            ||    20
